AoeStats
← Chiripa605

Nomad

507366845Analyzed
3v3 RM · 14d ago on Sep 17, 2026· 32m 21s· 6 players
Game mode
Random Map
Map size
210×210
Population
200
Speed
Normal
Resources
Standard
Victory
Conquest
Starting age
Dark Age
Ending age
Imperial Age
RankedLock teamsTeams togetherTeam positionsShared explorationLock speedFull tech treeHidden civsTurbo modeCheats
Victory
Defeat
🇵🇪 Mapuche · Peru
1280
+11
🇺🇸 Malians · United States
1278
+11
🇬🇧 Dravidians · United Kingdom
1105
+18
🇨🇳 Mongols · China
1182
-14
🇺🇸 Saracens · United States
1159
-13
🇦🇷 Khmer · Argentina
1150
-13
Eagles
11:12 Loom
15:00 Feudal Age
18:51 Castle Age
19:33 Double-Bit Axe
25:50 Gold Mining
28:19 Forging
29:43 Scale Barding Armor
pickmyself or end
4:30 Loom
13:44 Feudal Age
18:26 Castle Age
18:07 Double-Bit Axe
18:12 Stone Mining
18:51 Town Watch
19:42 Wheelbarrow
19:24 Bow Saw
19:37 Horse Collar
20:28 Heavy Plow
26:08 Fletching
28:44 Bodkin Arrow
30:01 Gold Mining
32:21 Fervor
33:00 Hand Cart
32:50 Bodkin Arrow
Mauro Viale
6:25 Loom
12:47 Feudal Age
13:37 Double-Bit Axe
17:23 Horse Collar
21:52 Castle Age
19:55 Stone Mining
24:28 Bow Saw
24:20 Fletching
25:10 Bodkin Arrow
26:33 Town Watch
27:18 Padded Archer Armor
28:49 Leather Archer Armor
30:27 Wheelbarrow
29:50 Elite Skirmisher
30:49 Crossbowman
Chiripa605
5:08 Loom
12:05 Feudal Age
12:31 Double-Bit Axe
19:34 Castle Age
17:23 Fishing Lines
19:11 Gold Mining
20:28 Medium Warships
20:36 Bow Saw
21:22 Forging
24:03 Wheelbarrow
23:36 Gillnets
26:04 Scale Mail Armor
27:22 Chain Mail Armor
27:06 Town Watch
29:15 Squires
30:42 Hand Cart
30:52 Horse Collar
WWWW2015
8:18 Loom
13:59 Feudal Age
14:36 Double-Bit Axe
14:44 Gold Mining
19:12 Castle Age
17:02 Loom
18:00 Fishing Lines
20:14 Bow Saw
19:59 Stone Mining
20:29 Medium Warships
20:23 Gillnets
21:32 Wheelbarrow
22:53 Hand Cart
22:24 Town Watch
25:14 Elite Skirmisher
25:47 Fletching
25:57 Scale Mail Armor
26:08 Forging
25:58 Padded Archer Armor
28:46 Imperial Age
26:29 Forging
26:33 Squires
25:59 Pikeman
27:28 Scale Mail Armor
27:38 Man-at-Arms
28:04 Gambesons
28:05 Arson
28:29 Thumb Ring
28:18 Horse Collar
29:40 Halberdier
29:41 Long Swordsman
32:17 Bodkin Arrow
32:38 Chain Mail Armor
32:25 Padded Archer Armor
HoraceTBear
5:02 Loom
12:52 Feudal Age
17:06 Castle Age
18:37 Stone Mining
21:16 Gold Mining
23:36 Stone Shaft Mining
23:39 Gold Shaft Mining
27:37 Imperial Age
25:50 Double-Bit Axe
26:43 Sanctity
27:43 Fervor
Connection lost

Rejoining the realm…

Still unreachable

The connection could not be restored.

Session expired

The server has moved on; the page needs a fresh start.